| TOP OF THE 1ST |
|
Salinas Fire Frogs batting - Pitching for Visalia Mets : LHP Tom Bolton
|
|
Pitching: LHP Tom Bolton
|
|
|
Batting: RHB Bobby Morin
|
0-0: Foul Ball, location: 2F 0-1: Ball 1-1: Ground out 6-3 (Groundball, 56, EV 79.4 MPH)
|
|
Batting: RHB Carlos Urias
|
0-0: Foul Ball, location: 2F 0-1: Ball 1-1: Ball 2-1: Foul Ball, location: 2F 2-2: DOUBLE (Line Drive, 5D, EV 100.6 MPH)
|
|
Batting: RHB Kevin Mitchell
|
0-0: Fly out, F9 (Flyball, 9LS, EV 82.5 MPH)
|
|
Batting: RHB Bruce Morrison
|
0-0: Ball 1-0: Ball 2-0: Called Strike 2-1: Ball 3-1: Base on Balls
|
|
Batting: LHB Kent Keiser
|
0-0: Ball 1-0: Called Strike 1-1: Ground out 6-3 (Groundball, 6S, EV 66.9 MPH)
|
| Top of the 1st over - 0 runs, 1 hit, 0 errors, 2 left on base; Salinas 0 - Visalia 0 |
| BOTTOM OF THE 1ST |
|
Visalia Mets batting - Pitching for Salinas Fire Frogs : LHP Manny Villanueba
|
|
Pitching: LHP Manny Villanueba
|
|
|
Batting: RHB Danny Ainge
|
0-0: Foul Ball, location: 2F 0-1: Ground out 5-3 (Groundball, 5L, EV 82.5 MPH)
|
|
Batting: SHB David Navarro
|
0-0: Ball 1-0: Foul Ball, location: 2F 1-1: Ball 2-1: Ball 3-1: Base on Balls
|
|
Batting: LHB Huey Gayden
|
0-0: Ball 1-0: Ball 2-0: Foul Ball, location: 2F 2-1: SINGLE (Groundball, 25, EV 71.9 MPH) (infield hit) David Navarro to second
|
|
Batting: LHB Pete Dalena
|
0-0: Ball 1-0: Grounds into double play, 5-4-3 (Groundball, 56S, EV 88.8 MPH)
|
| Bottom of the 1st over - 0 runs, 1 hit, 0 errors, 1 left on base; Salinas 0 - Visalia 0 |
| TOP OF THE 2ND |
|
Salinas Fire Frogs batting - Pitching for Visalia Mets : LHP Tom Bolton
|
|
Batting: RHB Ramon Jimenez
|
0-0: Called Strike 0-1: Ball 1-1: Ball 2-1: SINGLE (Line Drive, 9S, EV 93.8 MPH)
|
|
Batting: LHB Daryl Pitts
|
0-0: Called Strike 0-1: Ground out 4-3 (Groundball, 4, EV 86.9 MPH) Ramon Jimenez to second
|
|
Batting: RHB Bruce Seid
|
0-0: Ball 1-0: SINGLE (Line Drive, 7S, EV 88.8 MPH) Ramon Jimenez to third Runner from 3rd tries for Home, SAFE, throw by LF to home
|
|
Batting: LHB Charles McGehee
|
0-0: Ball 1-0: DOUBLE (Groundball, 5L, EV 105.6 MPH) Bruce Seid to third
|
|
Batting: RHB Bobby Morin
|
0-0: Called Strike 0-1: Called Strike 0-2: Foul Ball, location: 2F 0-2: Strikes out swinging
|
|
Batting: RHB Carlos Urias
|
0-0: Ball 1-0: Ball 2-0: Ball 3-0: Base on Balls
|
|
Batting: RHB Kevin Mitchell
|
0-0: Swinging Strike 0-1: Fielders Choice at 2nd, 5-4 (Groundball, 56, EV 91.9 MPH)
|
| Top of the 2nd over - 1 run, 3 hits, 0 errors, 3 left on base; Salinas 1 - Visalia 0 |
| BOTTOM OF THE 2ND |
|
Visalia Mets batting - Pitching for Salinas Fire Frogs : LHP Manny Villanueba
|
|
Batting: RHB Ed Sedar
|
0-0: Called Strike 0-1: Reached on error, E6 (Groundball, 6, EV 103.8 MPH)
|
|
Batting: RHB Gabriel de la Sancha
|
0-0: Ball 1-0: Called Strike 1-1: Foul Ball, location: 2F 1-2: Strikes out swinging
|
|
Batting: SHB Rene Quinones
|
0-0: Ball 1-0: Called Strike 1-1: Ground out 6-3 (Groundball, 56, EV 100.6 MPH)
|
|
Batting: RHB Mitchell Ashmore
|
0-0: Ball 1-0: Ball 2-0: Ball 3-0: Base on Balls
|
|
Batting: RHB Lloyd Bessard
|
0-0: Ball 1-0: Swinging Strike 1-1: Fly out, F7 (Flyball, 78D, EV 94.4 MPH)
|
| Bottom of the 2nd over - 0 runs, 0 hits, 1 error, 2 left on base; Salinas 1 - Visalia 0 |
| TOP OF THE 3RD |
|
Salinas Fire Frogs batting - Pitching for Visalia Mets : LHP Tom Bolton
|
|
Batting: RHB Bruce Morrison
|
0-0: Swinging Strike 0-1: Foul Ball, location: 2F 0-2: Foul Ball, location: 2F 0-2: Foul Ball, location: 2F 0-2: Strikes out swinging
|
|
Batting: LHB Kent Keiser
|
0-0: Called Strike 0-1: Ball 1-1: Ground out U3 (Groundball, 3S, EV 85.0 MPH)
|
|
Batting: RHB Ramon Jimenez
|
0-0: SINGLE (Groundball, 13S, EV 66.3 MPH) (infield hit)
|
|
Batting: LHB Daryl Pitts
|
0-0: Ball 1-0: Swinging Strike 1-1: Ball 2-1: Ball 3-1: Base on Balls Ramon Jimenez to second
|
|
Batting: RHB Bruce Seid
|
0-0: Ball 1-0: Fielders Choice at 2nd, 5-4 (Groundball, 5, EV 84.4 MPH)
|
| Top of the 3rd over - 0 runs, 1 hit, 0 errors, 2 left on base; Salinas 1 - Visalia 0 |
| BOTTOM OF THE 3RD |
|
Visalia Mets batting - Pitching for Salinas Fire Frogs : LHP Manny Villanueba
|
|
Batting: RHB Danny Ainge
|
0-0: Ball 1-0: SINGLE (Flyball, 8RS, EV 89.4 MPH)
|
|
Batting: SHB David Navarro
|
0-0: Ball 1-0: Foul Ball, location: 2F 1-1: SINGLE (Groundball, 6MD, EV 106.9 MPH) Danny Ainge to second
|
|
Batting: LHB Huey Gayden
|
0-0: Called Strike 0-1: Ball 1-1: Fly out, F1 (Line Drive, P, EV 69.4 MPH)
|
|
Batting: LHB Pete Dalena
|
0-0: Called Strike 0-1: Ball 1-1: SINGLE (Groundball, 15S, EV 73.1 MPH) (infield hit) Danny Ainge to third David Navarro to second
|
|
Batting: RHB Ed Sedar
|
0-0: Ball 1-0: Called Strike 1-1: Ball 2-1: Ball 3-1: Base on Balls Danny Ainge scores David Navarro to third Pete Dalena to second
|
|
Batting: RHB Gabriel de la Sancha
|
0-0: Ball 1-0: Foul Ball, location: 2F 1-1: Called Strike 1-2: Ball 2-2: Grounds into double play, 6-4-3 (Groundball, 6, EV 98.1 MPH)
|
| Bottom of the 3rd over - 1 run, 3 hits, 0 errors, 2 left on base; Salinas 1 - Visalia 1 |
| TOP OF THE 4TH |
|
Salinas Fire Frogs batting - Pitching for Visalia Mets : LHP Tom Bolton
|
|
Batting: LHB Charles McGehee
|
0-0: Ball 1-0: Swinging Strike 1-1: Ball 2-1: Foul Ball, location: 2F 2-2: TRIPLE (Line Drive, 78XD, EV 110.0 MPH)
|
|
Batting: RHB Bobby Morin
|
0-0: Called Strike 0-1: Ball 1-1: Ball 2-1: Ball 3-1: Base on Balls
|
|
Batting: RHB Carlos Urias
|
0-0: Ball 1-0: Ball 2-0: Foul Ball, location: 2F 2-1: Called Strike 2-2: Foul Ball, location: 2F 2-2: Fly out, F7 (Flyball, 78M, EV 81.3 MPH) Runner from 3rd tags up, SCORES, throw by LF
|
|
Batting: RHB Kevin Mitchell
|
0-0: Fly out, F9 (Line Drive, 9, EV 96.3 MPH)
|
|
Batting: RHB Bruce Morrison
|
0-0: Called Strike 0-1: Foul Ball, location: 2F 0-2: Fielders Choice at 2nd, U6 (Groundball, 4MD, EV 88.8 MPH)
|
| Top of the 4th over - 1 run, 1 hit, 0 errors, 1 left on base; Salinas 2 - Visalia 1 |
| BOTTOM OF THE 4TH |
|
Visalia Mets batting - Pitching for Salinas Fire Frogs : LHP Manny Villanueba
|
|
Batting: SHB Rene Quinones
|
0-0: Foul Ball, location: 2F 0-1: Swinging Strike 0-2: Strikes out looking
|
|
Batting: RHB Mitchell Ashmore
|
0-0: Ball 1-0: Ball 2-0: Called Strike 2-1: DOUBLE (Line Drive, 8RXD, EV 103.1 MPH)
|
|
Batting: RHB Lloyd Bessard
|
0-0: Called Strike 0-1: Foul Ball, location: 2F 0-2: Foul Ball, location: 2F 0-2: Fly out, F8 (Flyball, 8RD, EV 97.5 MPH)
|
|
Batting: RHB Danny Ainge
|
0-0: Swinging Strike 0-1: Called Strike 0-2: Ball 1-2: Ground out 6-3 (Groundball, 6, EV 110.6 MPH)
|
| Bottom of the 4th over - 0 runs, 1 hit, 0 errors, 1 left on base; Salinas 2 - Visalia 1 |
| TOP OF THE 5TH |
|
Salinas Fire Frogs batting - Pitching for Visalia Mets : LHP Tom Bolton
|
|
Batting: LHB Kent Keiser
|
0-0: Swinging Strike 0-1: Foul Ball, location: 2F 0-2: Ball 1-2: Ball 2-2: Ball 3-2: Foul Ball, location: 2F 3-2: Fly out, F8 (Flyball, 89D, EV 90.6 MPH)
|
|
Pitching: RHP Mike Ferguson
|
|
|
Batting: RHB Ramon Jimenez
|
0-0: Fly out, F7 (Flyball, 7, EV 83.8 MPH)
|
|
Batting: LHB Daryl Pitts
|
0-0: Swinging Strike 0-1: Ball 1-1: Ball 2-1: SINGLE (Groundball, 5L, EV 86.3 MPH) (infield hit)
|
|
Batting: RHB Bruce Seid
|
0-0: Ball 1-0: Fielders Choice at 2nd, 6-4 (Groundball, 6, EV 85.0 MPH)
|
| Top of the 5th over - 0 runs, 1 hit, 0 errors, 1 left on base; Salinas 2 - Visalia 1 |
| BOTTOM OF THE 5TH |
|
Visalia Mets batting - Pitching for Salinas Fire Frogs : LHP Manny Villanueba
|
|
Batting: SHB David Navarro
|
0-0: Swinging Strike 0-1: SINGLE (Groundball, 6S, EV 63.8 MPH) (infield hit)
|
|
Batting: LHB Huey Gayden
|
0-0: Called Strike David Navarro steals 2nd base (no throw) 0-1: Ball 1-1: Called Strike 1-2: Ball 2-2: Ball 3-2: Reached on error, E3 (Groundball, 3L, EV 89.4 MPH) David Navarro to third
|
|
Batting: LHB Pete Dalena
|
0-0: SINGLE (Groundball, 56, EV 95.6 MPH) David Navarro scores Huey Gayden to second
|
|
Batting: RHB Ed Sedar
|
0-0: Ball 1-0: Ball 2-0: Foul Ball, location: 2F 2-1: Foul Ball, location: 2F 2-2: Ball 3-2: Fly out, F8 (Flyball, 8LM, EV 96.3 MPH)
|
|
Batting: RHB Gabriel de la Sancha
|
0-0: Ball 1-0: Ball 2-0: Ball 3-0: Called Strike 3-1: Base on Balls Huey Gayden to third Pete Dalena to second
|
|
Batting: SHB Rene Quinones
|
0-0: Swinging Strike 0-1: Ball 1-1: Grounds into double play, 3-2-3 (Groundball, 3L, EV 106.3 MPH)
|
| Bottom of the 5th over - 1 run, 2 hits, 1 error, 2 left on base; Salinas 2 - Visalia 2 |
| TOP OF THE 6TH |
|
Salinas Fire Frogs batting - Pitching for Visalia Mets : RHP Mike Ferguson
|
|
Batting: LHB Charles McGehee
|
0-0: Called Strike 0-1: Ball 1-1: Foul Ball, location: 2F 1-2: Fly out, F8 (Line Drive, 8RD, EV 98.1 MPH)
|
|
Batting: RHB Bobby Morin
|
0-0: Ground out 6-3 (Groundball, 6, EV 109.4 MPH)
|
|
Batting: RHB Carlos Urias
|
0-0: Ball 1-0: Called Strike 1-1: Ball 2-1: Ball 3-1: Base on Balls
|
|
Batting: RHB Kevin Mitchell
|
0-0: Called Strike 0-1: Ball 1-1: Fly out, F8 (Flyball, 89D, EV 90.0 MPH)
|
| Top of the 6th over - 0 runs, 0 hits, 0 errors, 1 left on base; Salinas 2 - Visalia 2 |
| BOTTOM OF THE 6TH |
|
Visalia Mets batting - Pitching for Salinas Fire Frogs : LHP Manny Villanueba
|
|
Batting: RHB Mitchell Ashmore
|
0-0: Ball 1-0: Foul Ball, location: 2F 1-1: Swinging Strike 1-2: Foul Ball, location: 2F 1-2: Ball 2-2: Foul Ball, location: 2F 2-2: Foul Ball, location: 2F 2-2: Ball 3-2: Base on Balls
|
|
Batting: RHB Lloyd Bessard
|
0-0: Called Strike 0-1: Ball 1-1: Foul Ball, location: 2F 1-2: Ball 2-2: Strikes out swinging
|
|
Batting: RHB Danny Ainge
|
0-0: Ball 1-0: Ball 2-0: Ball 3-0: Foul Ball, location: 2F 3-1: SINGLE (Groundball, 13, EV 80.6 MPH) (infield hit) Mitchell Ashmore to second
|
|
Batting: SHB David Navarro
|
0-0: Ball 1-0: Swinging Strike 1-1: Ball 2-1: Ball 3-1: Base on Balls Mitchell Ashmore to third Danny Ainge to second
|
|
Batting: LHB Huey Gayden
|
0-0: Ball 1-0: Reached on error, E4 (Groundball, 13, EV 79.4 MPH) Mitchell Ashmore scores Danny Ainge to third David Navarro to second
|
|
Batting: LHB Pete Dalena
|
0-0: Called Strike 0-1: Grounds into fielders choice 3-2 (Groundball, 3, EV 79.4 MPH) David Navarro to third Huey Gayden to second
|
|
Batting: RHB Ed Sedar
|
0-0: Called Strike 0-1: Swinging Strike 0-2: Ball 1-2: Foul Ball, location: 2F 1-2: Foul Ball, location: 2F 1-2: Ball 2-2: Ball 3-2: Foul Ball, location: 2F 3-2: Base on Balls David Navarro scores Huey Gayden to third Pete Dalena to second
|
|
Batting: RHB Gabriel de la Sancha
|
0-0: Called Strike 0-1: Ground out 4-3 (Groundball, 4, EV 98.1 MPH)
|
| Bottom of the 6th over - 2 runs, 1 hit, 1 error, 3 left on base; Salinas 2 - Visalia 4 |
| TOP OF THE 7TH |
|
Salinas Fire Frogs batting - Pitching for Visalia Mets : RHP Mike Ferguson
|
|
Batting: RHB Bruce Morrison
|
0-0: Called Strike 0-1: Ball 1-1: Ball 2-1: Called Strike 2-2: Ball 3-2: Base on Balls
|
|
Batting: LHB Kent Keiser
|
0-0: Called Strike 0-1: Fielders Choice at 2nd, 1-6 (Groundball, 34S, EV 70.6 MPH)
|
|
Batting: RHB Ramon Jimenez
|
0-0: Called Strike 0-1: Ball 1-1: Called Strike 1-2: Foul Ball, location: 2F 1-2: Ball 2-2: Ball 3-2: Ground out 6-3 (Groundball, 6M, EV 78.1 MPH) Kent Keiser to second
|
|
Batting: LHB Daryl Pitts
|
0-0: Foul Ball, location: 2F 0-1: Ball 1-1: Ball 2-1: Ground out 4-3 (Groundball, 4, EV 94.4 MPH)
|
| Top of the 7th over - 0 runs, 0 hits, 0 errors, 1 left on base; Salinas 2 - Visalia 4 |
| BOTTOM OF THE 7TH |
|
Visalia Mets batting - Pitching for Salinas Fire Frogs : LHP Manny Villanueba
|
|
Batting: SHB Rene Quinones
|
0-0: Called Strike 0-1: Fly out, F7 (Flyball, 7D, EV 101.9 MPH)
|
|
Batting: RHB Mitchell Ashmore
|
0-0: Foul Ball, location: 2F 0-1: Ball 1-1: Ball 2-1: SINGLE (Groundball, P, EV 85.0 MPH) (infield hit)
|
|
Batting: RHB Lloyd Bessard
|
0-0: Grounds into double play, 6-4-3 (Groundball, 6, EV 112.5 MPH)
|
| Bottom of the 7th over - 0 runs, 1 hit, 0 errors, 0 left on base; Salinas 2 - Visalia 4 |
| TOP OF THE 8TH |
|
Salinas Fire Frogs batting - Pitching for Visalia Mets : RHP Mike Ferguson
|
|
Batting: RHB Bruce Seid
|
0-0: Ball 1-0: Ball 2-0: Ground out 6-3 (Groundball, 6, EV 86.3 MPH)
|
|
Batting: LHB Charles McGehee
|
0-0: Called Strike 0-1: Ball 1-1: Ball 2-1: Ball 3-1: Called Strike 3-2: SINGLE (Groundball, 34D, EV 96.9 MPH)
|
|
Batting: RHB Bobby Morin
|
0-0: Called Strike 0-1: Ball 1-1: Foul Ball, location: 2F 1-2: SINGLE (Line Drive, 7LS, EV 98.8 MPH) Charles McGehee to second
|
|
Pitching: RHP Timothy O'Neill
|
|
|
Pinch Hitting: LHB Raymond Smith
|
0-0: Ball 1-0: Called Strike 1-1: Swinging Strike 1-2: Ball 2-2: Strikes out looking
|
|
Batting: RHB Kevin Mitchell
|
0-0: Called Strike 0-1: Ball 1-1: Ball 2-1: Ground out 4-3 (Groundball, 4, EV 75.6 MPH)
|
| Top of the 8th over - 0 runs, 2 hits, 0 errors, 2 left on base; Salinas 2 - Visalia 4 |
| BOTTOM OF THE 8TH |
|
Visalia Mets batting - Pitching for Salinas Fire Frogs : LHP Manny Villanueba
|
|
Pitching: RHP David Wong
|
|
|
Now at 3B: Raymond Smith
|
|
|
Batting: RHB Danny Ainge
|
0-0: Called Strike 0-1: Ball 1-1: Called Strike 1-2: SINGLE (Groundball, 34D, EV 110.6 MPH)
|
|
Batting: SHB David Navarro
|
0-0: Ball 1-0: Sac Bunt to 15 - play at first, batter OUT! 1-4 Danny Ainge to second
|
|
Batting: LHB Huey Gayden
|
0-0: Ball 1-0: Ball 2-0: Fly out, F8 (Flyball, 78D, EV 92.5 MPH)
|
|
Batting: LHB Pete Dalena
|
0-0: Intentional Walk
|
|
Batting: RHB Ed Sedar
|
0-0: Foul Ball, location: 2F 0-1: SINGLE (Line Drive, 89S, EV 106.3 MPH) Danny Ainge to third Pete Dalena to second Runner from 3rd tries for Home, SAFE, throw by RF to home
|
|
Batting: RHB Gabriel de la Sancha
|
0-0: Swinging Strike 0-1: Ground out 4-3 (Groundball, 4, EV 104.4 MPH)
|
| Bottom of the 8th over - 1 run, 2 hits, 0 errors, 2 left on base; Salinas 2 - Visalia 5 |
| TOP OF THE 9TH |
|
Salinas Fire Frogs batting - Pitching for Visalia Mets : RHP Timothy O'Neill
|
|
Batting: RHB Bruce Morrison
|
0-0: Foul Ball, location: 2F 0-1: Swinging Strike 0-2: Ball 1-2: Fly out, F8 (Line Drive, 8RM, EV 103.1 MPH)
|
|
Batting: LHB Kent Keiser
|
0-0: SINGLE (Line Drive, 78S, EV 100.0 MPH)
|
|
Batting: RHB Ramon Jimenez
|
0-0: Ball 1-0: Grounds into double play, 6-4-3 (Groundball, 6, EV 86.3 MPH)
|
| Top of the 9th over - 0 runs, 1 hit, 0 errors, 0 left on base; Salinas 2 - Visalia 5 |
|